 Dungeon Crawl Stone Soup version 0.27.1-33-g824d729ab1 (webtiles) character file.

Game seed: 5995056104085935440

9905 dohliylev the Severer (level 11, -5/106 HPs)
             Began as a Minotaur Berserker on Dec 30, 2021.
             Was an Elder of Trog.
             Slain by an elephant simulacrum (18 damage)
             ... in an ice cave.
             The game lasted 00:18:58 (9629 turns).

dohliylev the Severer (Minotaur Berserker)          Turns: 9629, Time: 00:18:59

Health: -5/106     AC: 12    Str: 25    XL:     11   Next: 29%
Magic:  10/10      EV:  7    Int:  4    God:    Trog [****..]
Gold:   504        SH: 12    Dex: 10    Spells: 10/10 levels left

rFire    . . .     SeeInvis .   i - +0 war axe
rCold    . . .     Faith    .   u - +0 kite shield
rNeg     . . .     Spirit   .   h - +0 plate armour
rPois    .         Reflect  .   (helmet restricted)
rElec    .         Harm     .   (no cloak)
rCorr    .         Rampage  .   (no gloves)
Will     ++...                  (no boots)
Stlth    ..........             (no amulet)
HPRegen  1.27/turn              (no ring)
MPRegen  0.12/turn              (no ring)

@: strong-willed, on berserk cooldown, regenerating
A: horns 2, retaliatory headbutt
a: Renounce Religion, Berserk, Trog's Hand, Brothers in Arms


You were in an ice cave.
You worshipped Trog.
Trog was greatly pleased with you.
You visited 3 branches of the dungeon, and saw 11 of its levels.
You also visited: Sewer and Ice Cave.

You collected 504 gold pieces.

Inventory:

Hand Weapons
 i - a +0 war axe (weapon)
Armour
 h - a +0 plate armour (worn)
 u - a +0 kite shield (worn)
 C - a +1 leather armour of fire resistance
Wands
 a - a wand of charming (7)
 p - a wand of iceblast (11)
 r - a wand of mindburst (11)
 v - a wand of paralysis (8)
 w - a wand of digging (5)
 E - a wand of polymorph (10)
Scrolls
 f - 4 scrolls of fog
 g - a scroll of magic mapping
 s - 2 scrolls of enchant armour
 t - a scroll of silence
 x - 2 scrolls of blinking
 y - 3 scrolls of amnesia {unknown}
 A - a scroll of enchant weapon {unknown}
 B - a scroll of vulnerability {unknown}
Potions
 b - a potion of ambrosia {unknown}
 c - 4 potions of brilliance {unknown}
 d - 5 potions of magic {unknown}
 e - 2 potions of might {unknown}
 j - 6 potions of haste {unknown}
 k - 2 potions of attraction {unknown}
 l - a potion of cancellation {unknown}
 m - a potion of resistance
 n - 2 potions of mutation {unknown}
 o - a potion of invisibility {unknown}
 q - 3 potions of degeneration {unknown}
 z - a potion of curing
 D - a potion of heal wounds {unknown}


   Skills:
 + Level 12.8 Fighting
 - Level 16.0 Axes
 - Level 5.2 Armour
 + Level 4.4 Dodging
 + Level 10.0 Shields


You had 10 spell levels left.
You didn't know any spells.
Your spell library was empty.

Dungeon Overview and Level Annotations

Branches:
Dungeon (9/15)             Temple (1/1) D:7            Lair (1/6) D:9
    Orc (0/2) D:9           Sewer (visited)           IceCv (1/1)

Altars:
Elyvilon
Nemelex Xobeh
Ru
Vehumet
The Shining One

Shops:
D:9 :


Innate Abilities, Weirdness & Mutations

You have a pair of horns on your head.
You reflexively headbutt those who attack you in melee.


Message History

Found an ice covered gate leading back out of this place.
There is an ice choked empty arch of ancient stone here.
There are monsters nearby!
Found a scroll of fog.
An elephant simulacrum is nearby!
Found a robe.
Your skin stops crawling.
You feel less strong-willed.
Your skin crawls.
You feel strong-willed.
Okay, then.
You slash the elephant simulacrum!
The elephant simulacrum is moderately damaged.
The elephant simulacrum tramples you but does no damage.
The elephant simulacrum trunk-slaps you but does no damage.
You hit the elephant simulacrum but do no damage.
You headbutt the elephant simulacrum, but do no damage.
The elephant simulacrum is moderately damaged.
You slash the elephant simulacrum!
The elephant simulacrum is severely damaged.
The elephant simulacrum barely misses you. x2
You hit the elephant simulacrum but do no damage.
You headbutt the elephant simulacrum.
The elephant simulacrum is almost destroyed.
You hit the elephant simulacrum but do no damage.
The elephant simulacrum tramples you. The elephant simulacrum freezes you!!
* * * LOW HITPOINT WARNING * * *
The elephant simulacrum trunk-slaps you but does no damage.
The elephant simulacrum completely misses you.
You block the elephant simulacrum's attack.
You hit the elephant simulacrum. You headbutt the elephant simulacrum.
The elephant simulacrum vaporises!
Trog accepts your kill.
You hit the elephant simulacrum.
Unknown command.
You slash the elephant simulacrum! You headbutt the elephant simulacrum.
The elephant simulacrum is severely damaged.
The elephant simulacrum tramples you!
* * * LOW HITPOINT WARNING * * *
The elephant simulacrum freezes you!!
You die...

#### #######
[?..# ##.....#
.....###......#
......#.......#
.........∩..∩.#
....#○Z.....# Z
##@.....#
##.....#
#######


You could see an elephant simulacrum.

Vanquished Creatures
  Erica (D:9)
  The ghost of sydd the Cleaver, a novice DgFi (D:9)
  The ghost of Killmatronix the Stinger, a novice MiVM of Gozag (D:6)
  A manticore (D:8)
  2 cane toads (Lair:1)
  A rime drake (Lair:1)
  2 kobold demonologists (D:9)
  A troll (D:9)
  Grinder (D:4)
  A hornet (D:8)
  Eustachio (D:4)
  12 yaks
  A steam dragon (D:9)
  An orc warrior (D:9)
  2 ice beasts (D:7)
  5 sky beasts
  2 ogres
  2 necrophages
  3 centaurs
  Blork the orc (D:4)
  12 kobold brigands
  4 bullfrogs
  A gnoll sergeant (D:9)
  2 scorpions
  5 killer bees (D:9)
  An elephant simulacrum (IceCv)
  4 wights (D:8)
  2 howler monkeys
  A centaur zombie (D:8)
  A bullfrog skeleton (D:7)
  4 hounds
  An orc priest (D:3)
  2 iguanas
  Ijyb (D:5)
  4 orc wizards
  Natasha (D:4)
  A statue (D:4)
  A killer bee zombie (D:7)
  A hound skeleton (D:5)
  2 howler monkey zombies
  7 gnolls
  6 river rats
  3 adders
  A shadow imp (D:6)
  3 white imps
  An adder skeleton (D:4)
  A worm (D:2)
  2 dart slugs
  21 orcs
  13 ball pythons
  2 bats (D:1)
  7 endoplasms
  3 giant cockroaches (D:3)
  8 goblins
  6 hobgoblins
  9 jackals
  17 kobolds
  5 quokkas
  25 rats
233 creatures vanquished.

Vanquished Creatures (others)
  A goblin (D:4)
  A jackal (D:4)
  A fungus (D:9)
  2 plants (D:9)
5 creatures vanquished.

Grand Total: 238 creatures vanquished

Notes
Turn   | Place    | Note
-------+----------+-------------------------------------------
     0 | D:1      | dohliylev the Minotaur Berserker began the quest for the
                  | Orb.
     0 | D:1      | Reached XP level 1. HP: 19/19 MP: 0/0
   413 | D:1      | Reached XP level 2. HP: 25/27 MP: 1/1
   466 | D:1      | Reached skill level 4 in Axes
  1027 | D:1      | Found a faded altar of an unknown god.
  1365 | D:2      | Reached XP level 3. HP: 34/34 MP: 2/2
  1778 | D:3      | Identified a scroll of acquirement
  1778 | D:3      | Acquired a manual of Axes
  1852 | D:3      | Reached ** piety under Trog
  2205 | D:3      | Reached skill level 5 in Axes
  2205 | D:3      | Reached XP level 4. HP: 40/41 MP: 3/3
  2257 | D:3      | Found a glowing drain.
  2261 | Sewer    | Entered a sewer
  2535 | Sewer    | Reached *** piety under Trog
  2536 | Sewer    | Reached skill level 6 in Axes
  2540 | Sewer    | Reached XP level 5. HP: 24/47 MP: 4/4
  2775 | Sewer    | Reached skill level 5 in Fighting
  2775 | Sewer    | Reached skill level 7 in Axes
  2777 | Sewer    | Reached XP level 6. HP: 56/56 MP: 5/5
  2783 | Sewer    | Reached skill level 8 in Axes
  3259 | D:3      | Reached skill level 9 in Axes
  3711 | D:4      | Noticed Grinder
  3714 | D:4      | Paralysed by Grinder for 7 turns
  3723 | D:4      | Reached XP level 7. HP: 59/62 MP: 6/6
  3723 | D:4      | Paralysed by Grinder for 5 turns
  3738 | D:4      | Paralysed by Grinder for 5 turns
  3767 | D:4      | Paralysed by Grinder for 4 turns
  3775 | D:4      | Killed Grinder
  3776 | D:4      | Reached skill level 10 in Axes
  3776 | D:4      | Reached skill level 5 in Armour
  3829 | D:4      | Found a radiant altar of Vehumet.
  4041 | D:4      | Noticed Blork the orc
  4046 | D:4      | Killed Blork the orc
  4165 | D:4      | Noticed Eustachio
  4165 | D:4      | Noticed Natasha
  4183 | D:4      | Killed Eustachio
  4184 | D:4      | Reached skill level 11 in Axes
  4186 | D:4      | Killed Natasha
  4187 | D:4      | Reached XP level 8. HP: 68/71 MP: 7/7
  4411 | D:5      | Entered Level 5 of the Dungeon
  4437 | D:5      | Reached skill level 12 in Axes
  4488 | D:5      | Reached **** piety under Trog
  4506 | D:5      | Reached skill level 1 in Shields
  4511 | D:5      | Reached skill level 13 in Axes
  4515 | D:5      | Reached skill level 14 in Axes
  4519 | D:5      | Reached XP level 9. HP: 50/81 MP: 8/8
  4790 | D:5      | Reached skill level 15 in Axes
  5314 | D:5      | Noticed Ijyb
  5333 | D:5      | Killed Ijyb
  5958 | D:6      | Found a runed translucent gate.
  5958 | D:6      | Found a runed translucent gate.
  5958 | D:6      | Found a runed translucent gate.
  5958 | D:6      | Noticed Killmatronix's ghost (novice MiVM)
  6194 | D:6      | Killed Killmatronix's ghost
  6383 | D:7      | Reached skill level 16 in Axes
  6559 | D:7      | Found a staircase to the Ecumenical Temple.
  6864 | D:7      | Found a glowing golden altar of the Shining One.
  7213 | Temple   | Entered the Ecumenical Temple
  7298 | D:8      | Reached skill level 5 in Shields
  7298 | D:8      | Reached XP level 10. HP: 88/88 MP: 9/9
  7532 | D:8      | Noticed a manticore
  7538 | D:8      | Killed a manticore
  7539 | D:8      | Reached skill level 10 in Fighting
  7866 | D:8      | Found a white marble altar of Elyvilon.
  7896 | D:8      | Paralysed by a hornet for 2 turns
  8360 | D:9      | Noticed Erica
  8379 | D:9      | Killed Erica
  8509 | D:9      | Found a staircase to the Lair.
  8871 | D:9      | Found Tasch's Book Shop.
  8994 | D:9      | Found a sparkling altar of Nemelex Xobeh.
  9047 | D:9      | Found a staircase to the Orcish Mines.
  9257 | D:9      | Found a runed translucent gate.
  9257 | D:9      | Found a runed translucent gate.
  9257 | D:9      | Found a runed translucent gate.
  9261 | D:9      | Noticed sydd's ghost (novice DgFi)
  9302 | D:9      | Killed sydd's ghost
  9303 | D:9      | Reached XP level 11. HP: 99/99 MP: 10/10
  9517 | Lair:1   | Entered Level 1 of the Lair of Beasts
  9566 | Lair:1   | Found a frozen archway.
  9595 | Lair:1   | Reached skill level 10 in Shields
  9616 | IceCv    | Entered an ice cave
  9629 | IceCv    | Slain by an elephant simulacrum

Illustrated notes

Levels and vault maps discovered:
D:1:      saegor_arrival_miasma, layout_basic,
          shapermc_ecumenical_altar_starsandcircs
D:2:      layout_rooms, bh_walls_and_bars
D:3:      layout_basic, gup_sewer_entry_spiral, grunt_ministairs_11
D:4:      layout_basic, vehumet_statue, st_stairs_9, lemuel_another_geyser,
          uniq_grinder, uniq_eustachio, uniq_natasha, uniq_blork_the_orc
D:5:      layout_basic, uniq_ijyb
D:6:      layout_cave_pools, ebering_ghost_rock_garden, kennysheep_nub,
          roderic_lattice_a
D:7:      layout_loops_cross, lemuel_doored_altar,
          minmay_temple_entry_glassed_door
D:8:      layout_basic, elyvilon_altar_5, minmay_puff
D:9:      layout_cave_pools, old_standard_altar, lair_entry_dummy, david_orc_2,
          gammafunk_ghost_nasty_kobolds, serial_shops, kennysheep_little_box,
          kennysheep_generic_room_15, uniq_erica
Temple:   nicolae_temple_elliptical
Lair:1:   layout_hall_layers, portal_ice_cave_entry_pillars_1,
          grunt_megastairs_5
IceCv:    ice_cave_statue_garden_chambered

Skill      XL: |  1  2  3  4  5  6  7  8  9 10 11 |
---------------+----------------------------------+-----
Axes           | 4 5 6 7 9 11 14 16 | 16.0
Fighting       | 4 5 6 8 9 12 | 12.8
Armour         | 3 4 5 |  5.2
Shields        | 2 5 9 10 | 10.0
Dodging        | 3 4 |  4.4

Action                   |  1- 3 |  4- 6 |  7- 9 | 10-12 || total
-------------------------+-------+-------+-------+-------++-------
Melee: Hand axe          |   101 |   121 |   220 |       ||   442
       Headbutt          |     8 |    24 |    64 |    43 ||   139
       War axe           |       |       |    25 |   196 ||   221
Invok: Berserk           |       |     3 |     9 |     8 ||    20
       Trog's Hand       |       |       |     6 |     9 ||    15
  Use: Scroll            |     3 |       |     6 |     1 ||    10
 Stab: Sleeping          |     1 |       |       |       ||     1
Armor: Animal skin       |     8 |       |       |       ||     8
       Plate armour      |    38 |    73 |   139 |   124 ||   374
Dodge: Dodged            |    47 |    41 |    49 |    45 ||   182
Block: Kite shield       |       |       |    64 |   108 ||   172
